 Dungeon Crawl Stone Soup version 0.23.2-30-g0e89c35 (webtiles) character file.

Game seed: 6825340436537441959

58 EazyBreezy the Grave Robber (level 4, -7/32 HPs)
             Began as a Human Necromancer on June 16, 2019.
             Killed from afar by an orc wizard (10 damage)
             ... with a magic dart
             ... on level 3 of the Dungeon.
             The game lasted 00:08:30 (2715 turns).

EazyBreezy the Grave Robber (Human Necromancer)     Turns: 2715, Time: 00:08:31

Health: -7/32      AC:  5    Str:  9    XL:     4   Next: 21%
Magic:  1/7        EV: 12    Int: 16    God:
Gold:   124        SH:  0    Dex: 13    Spells: 2/7 levels left

rFire    . . .     SeeInvis .   e - +0 club
rCold    . . .     Gourm    .   (no shield)
rNeg     . . .     Faith    .   a - +2 robe
rPois    .         Spirit   .   (no helmet)
rElec    .         Reflect  .   (no cloak)
rCorr    .         Harm     .   (no gloves)
MR       .....                  m - +0 pair of boots
Stlth    +++.......             (no amulet)
HPRegen  0.10/turn              h - ring of stealth
MPRegen  0.10/turn              (no ring)

@: no status effects
A: no striking features
a: no special abilities


You were on level 3 of the Dungeon.
You were not hungry.

You visited 1 branch of the dungeon, and saw 3 of its levels.

You collected 124 gold pieces.

Inventory:

Hand Weapons
 e - a +0 club (weapon)
Armour
 a - a +2 robe (worn)
 i - a +0 pair of boots
 m - a +0 pair of boots (worn)
Jewellery
 h - a ring of stealth (left hand)
Scrolls
 d - 2 scrolls of remove curse
Potions
 c - a potion of curing {unknown}
 g - a potion of brilliance
 l - a potion of lignification
 o - a potion of mutation {unknown}
Comestibles
 b - 2 chunks of flesh
 j - 4 rations


   Skills:
 * Level 1.1 Fighting
 * Level 0.4 Maces & Flails
 * Level 1.0 Armour
 * Level 2.1 Dodging
 + Level 2.0 Stealth
 * Level 2.4 Spellcasting
 * Level 4.6 Necromancy


You had 2 spell levels left.
You knew the following spells:

 Your Spells              Type           Power        Failure   Level  Hunger
a - Pain                  Necr           ###.         3%          1    #......
b - Animate Skeleton      Necr           N/A          3%          1    #......
c - Regeneration          Chrm/Necr      #.........   24%         3    ###....

Your spell library contained the following spells:

 Spells                   Type           Power        Failure   Level  Hunger
 Vampiric Draining        Necr           ###.......   9%          3    ###....
 Animate Dead             Necr           N/A          30%         4    #####..


Dungeon Overview and Level Annotations

Branches:
Dungeon (3/15)

Altars:


Message History

The orc wizard is severely wounded.
The orc wizard barely misses you. The orc wizard casts a spell at you.
The magic dart hits you but does no damage.
The orc shouts!
You hit the orc wizard.
The orc wizard is almost dead.
An orc priest comes into view.
The orc wizard casts a spell.
The orc wizard seems to speed up.
You barely miss the orc wizard.
The orc wizard is almost dead.
The orc wizard hits you but does no damage.
An orc comes into view. It is wielding a +0 flail.
The orc wizard points at you and mumbles some strange words.
The magic dart hits you.
* * * LOW HITPOINT WARNING * * *
The orc wizard gestures at you while chanting.
The magic dart hits you!
You die...

................
########.###.##.
#.## .#
######..##.#
...........# #
#######..#.##.#
### #...........#
......####.#.#....
..... ##@..# ...
......###o#..# .
......))ol#..#
.o...)###(#.>#...
.......o.........
..#######'##.#...
o ... .#.. ... .#
.. #....#.# ...


You could see an orc wizard, an orc and a frilled lizard.

Vanquished Creatures
  An adder (D:3)
  A worm (D:2)
  A leopard gecko (D:2)
  3 orcs (D:3)
  A ball python (D:1)
  3 giant cockroaches
  5 goblins
  6 hobgoblins
  3 kobolds
  A quokka (D:2)
  5 bats
  3 frilled lizards (D:1)
  3 rats (D:1)
36 creatures vanquished.

Vanquished Creatures (collateral kills)
  A dart slug (D:1)
  A leopard gecko (D:1)
2 creatures vanquished.

Grand Total: 38 creatures vanquished

Notes
Turn   | Place    | Note
-------+----------+-------------------------------------------
     0 | D:1      | EazyBreezy the Human Necromancer began the quest for the
                  | Orb.
     0 | D:1      | Reached XP level 1. HP: 13/13 MP: 3/3
   602 | D:1      | Learned a level 1 spell: Animate Skeleton
   643 | D:1      | Reached XP level 2. HP: 8/20 MP: 0/5
  1373 | D:1      | Reached skill level 1 in Armour
  1381 | D:1      | Reached XP level 3. HP: 21/25 MP: 0/6
  1647 | D:1      | Learned a level 3 spell: Regeneration
  2022 | D:2      | Reached skill level 1 in Fighting
  2671 | D:3      | Reached XP level 4. HP: 30/32 MP: 3/7
  2715 | D:3      | Killed from afar by an orc wizard

Skill      XL: |  1  2  3 |
---------------+----------+-----
Armour         | 1 |  1.0
Fighting       | 1 |  1.1
Maces & Flails | |  0.4
Dodging        | |  2.1
Stealth        | |  2.0
Spellcasting   | |  2.4
Necromancy     | |  4.6

Action                   |  1- 3 |  4- 6 || total
-------------------------+-------+-------++-------
Melee: Unarmed           |    12 |       ||    12
       Club              |    24 |    17 ||    41
 Cast: Pain              |    57 |     7 ||    64
       Animate Skeleton  |    13 |     1 ||    14
  Use: Scroll            |     9 |       ||     9
  Eat: Chunk             |     2 |       ||     2
       Ration            |     2 |       ||     2
Armor: Robe              |    11 |     7 ||    18
Dodge: Dodged            |    27 |    11 ||    38
